 Dungeon Crawl Stone Soup version 0.27.0-1-g7a089689b8 (webtiles) character file.

Game seed: 13265203917777593911

100 theswoord the Twirler (level 4, -5/33 HPs)
             Began as a Demonspawn Gladiator on Aug 5, 2021.
             Slain by Anothat's ghost (8 damage)
             ... on level 3 of the Dungeon.
             The game lasted 00:02:51 (1771 turns).

theswoord the Twirler (Demonspawn Gladiator)        Turns: 1771, Time: 00:02:51

Health: -5/33      AC:  7    Str: 14    XL:     4   Next: 47%
Magic:  4/4        EV: 12    Int:  9    God:
Gold:   254        SH:  0    Dex: 16    Spells: 3/3 levels left

rFire    . . .     SeeInvis .   a - +0 quarterstaff
rCold    . . .     Faith    .   (shield currently unavailable)
rNeg     . . .     Spirit   .   b - +0 leather armour
rPois    .         Reflect  .   c - +0 helmet
rElec    .         Harm     .   (no cloak)
rCorr    .         Rampage  .   (no gloves)
Will     .....                  h - +0 pair of boots
Stlth    +.........             (no amulet)
HPRegen  0.11/turn              (no ring)
MPRegen  0.09/turn              (no ring)

@: hasted, very quick
A: slimy green scales 1
a: no special abilities


You were on level 3 of the Dungeon.
You visited 1 branch of the dungeon, and saw 3 of its levels.

You collected 254 gold pieces.

Inventory:

Hand Weapons
 a - a +0 quarterstaff (weapon)
Missiles
 d - 3 throwing nets (quivered)
Armour
 b - a +0 leather armour (worn)
 c - a +0 helmet (worn)
 h - a +0 pair of boots (worn)
 l - a +0 pair of gloves
Scrolls
 f - 2 scrolls of teleportation {unknown}
 g - a scroll of fog {unknown}
 i - a scroll of immolation {unknown}
 j - a scroll of noise {unknown}
Potions
 k - a potion of haste


   Skills:
 - Level 2.0 Fighting
 + Level 4.8 Staves
 - Level 1.7 Throwing
 - Level 2.6 Dodging


You had 3 spell levels left.
You didn't know any spells.
Your spell library was empty.

Dungeon Overview and Level Annotations

Branches:
Dungeon (3/15)

Altars:

Shops:
D:2 :

Annotations:
D:3 Anothat's ghost, amateur GrFi


Innate Abilities, Weirdness & Mutations

You are partially covered in slimy green scales. (AC +2)


Message History

You hit Anothat's ghost but do no damage.
Anothat's ghost completely misses you.
You barely miss Anothat's ghost.
Anothat's ghost hits you but does no damage.
You hit Anothat's ghost but do no damage.
You hit Anothat's ghost but do no damage.
Anothat's ghost hits you.
You barely miss Anothat's ghost.
Anothat's ghost hits you but does no damage.
You hit Anothat's ghost.
Anothat's ghost is lightly damaged.
Anothat's ghost hits you!
You hit Anothat's ghost.
Anothat's ghost is lightly damaged.
You sock Anothat's ghost!
Anothat's ghost is moderately damaged.
Anothat's ghost hits you.
* * * LOW HITPOINT WARNING * * *
You hit Anothat's ghost but do no damage.
Anothat's ghost is moderately damaged.
Anothat's ghost misses you.
You hit Anothat's ghost but do no damage.
Anothat's ghost is moderately damaged.
You hit Anothat's ghost but do no damage.
Anothat's ghost is moderately damaged.
Anothat's ghost hits you but does no damage.
You hit Anothat's ghost.
Anothat's ghost is heavily damaged.
Anothat's ghost hits you.
* * * LOW HITPOINT WARNING * * *
You hit Anothat's ghost but do no damage.
Anothat's ghost is heavily damaged.
You hit Anothat's ghost but do no damage.
Anothat's ghost is heavily damaged.
Anothat's ghost hits you!
* * * LOW HITPOINT WARNING * * *
You barely miss Anothat's ghost.
Anothat's ghost is heavily damaged.
Anothat's ghost hits you!
You die...

##.##..
##...#. #
..... .#
...###...#.#
...........#
#<# ###.#
#.##...#
#....@.#
#..#W#..#
....##.##....
#..##...##...#
#.##.....##..#
..#⌠.!♣!.⌠#.##
..##...!.##..
...##...##....


You could see Anothat's ghost.

Vanquished Creatures
  Jessica (D:2)
  Natasha (D:2)
  An adder (D:1)
  4 ball pythons
  An endoplasm (D:2)
  2 goblins (D:1)
  5 hobgoblins
  7 jackals
  3 quokkas
  3 bats
  4 frilled lizards
  5 kobolds
37 creatures vanquished.

Vanquished Creatures (others)
  5 toadstools (D:2)
5 creatures vanquished.

Grand Total: 42 creatures vanquished

Notes
Turn   | Place    | Note
-------+----------+-------------------------------------------
     0 | D:1      | theswoord the Demonspawn Gladiator began the quest for the
                  | Orb.
     0 | D:1      | Reached XP level 1. HP: 16/16 MP: 1/1
    76 | D:1      | Reached skill level 3 in Staves
    87 | D:1      | Gained mutation: You are partially covered in slimy green
                  | scales. (AC +2) [demonic ancestry]
    87 | D:1      | Reached XP level 2. HP: 11/22 MP: 2/2
   833 | D:2      | Found Qann's Book Shop.
   833 | D:2      | Noticed Jessica
   889 | D:2      | Killed Jessica
   890 | D:2      | Reached skill level 4 in Staves
   890 | D:2      | Reached XP level 3. HP: 2/27 MP: 3/3
  1368 | D:2      | Noticed Natasha
  1380 | D:2      | Killed Natasha
  1381 | D:2      | Reached XP level 4. HP: 33/33 MP: 4/4
  1732 | D:3      | Found a runed translucent door.
  1732 | D:3      | Noticed Anothat's ghost (amateur GrFi)
  1771 | D:3      | Slain by Anothat's ghost

Skill      XL: |  1  2 |
---------------+-------+-----
Staves         | 3 4 |  4.8
Fighting       | |  2.0
Throwing       | |  1.7
Dodging        | |  2.6

Action                   |  1- 3 |  4- 6 || total
-------------------------+-------+-------++-------
Melee: Quarterstaff      |    79 |    48 ||   127
  Use: Potion            |     2 |     2 ||     4
       Scroll            |       |     2 ||     2
Armor: Leather armour    |    28 |     4 ||    32
       Skin              |    32 |    18 ||    50
Dodge: Dodged            |    71 |    12 ||    83

Levels and vault maps discovered:
D:1:      amcnicky_arrival_single_pillar, layout_rooms, st_stairs_8,
          kennysheep_decorative_pillar
D:2:      layout_rooms, serial_shops, shop_fountains, minmay_stone_trees_small,
          minmay_gold_behind_fungi, uniq_natasha, uniq_jessica
D:3:      layout_loops_ring, shapermc_ecumenical_altar_mp_vishouse,
          hellmonk_ghost_happy_afterlife, uniq_crazy_yiuf_cottage
